 Dungeon Crawl Stone Soup version 0.27.1-3-gb3d3a73c9e (webtiles) character file.

Game seed: 12926963380452741470

155521 Urokeeper the Executioner (level 17, -15/161 HPs)
             Began as a Hill Orc Berserker on Oct 20, 2021.
             Was a High Priest of Trog.
             Demolished by a jumping spider (17 damage)
             ... on level 4 of the Spider Nest.
             The game lasted 02:05:49 (26586 turns).

Urokeeper the Executioner (Hill Orc Berserker)     Turns: 26586, Time: 02:05:50

Health: -15/161    AC: 38    Str: 31 (33) XL:     17   Next: 65%
Magic:  5/17       EV:  9    Int: 10      God:    Trog [*****.]
Gold:   1066       SH:  7    Dex:  6 (10) Spells: 16/16 levels left

rFire    + . .     SeeInvis .   w - +10 war axe of Ekufecs {speed, rF+ rN+ rCorr Stlth+}
rCold    . . .     Faith    .   p - +0 buckler
rNeg     + . .     Spirit   .   N - +8 plate armour "Saarao" {rCorr}
rPois    .         Reflect  .   s - +0 hat {Int+3}
rElec    .         Harm     .   G - +1 cloak
rCorr    +         Rampage  .   P - +2 pair of gloves
Will     +++..                  Q - +1 pair of boots
Stlth    ..........             v - amulet of regeneration
HPRegen  2.36/turn              d - +4 ring of protection
MPRegen  0.15/turn              Y - +6 ring of strength

@: about to teleport, strong-willed, on berserk cooldown, regenerating, slowed,
very slow
A: no striking features
a: Renounce Religion, Berserk, Trog's Hand, Brothers in Arms


You were on level 4 of the Spider Nest.
You worshipped Trog.
Trog was extremely pleased with you.
You visited 5 branches of the dungeon, and saw 26 of its levels.
You visited 1 bazaar.
You also visited: Ossuary.

You collected 2084 gold pieces.
You spent 1018 gold pieces at shops.

Inventory:

Hand Weapons
 w - the +10 war axe of Ekufecs (weapon) {speed, rF+ rN+ rCorr Stlth+}
   (You found it on level 5 of the Dungeon)

   Attacks with this weapon are significantly faster.
   rF:        It protects you from fire.
   rN:        It protects you from negative energy.
   rCorr:     It protects you from acid and corrosion.
   Stlth:     It makes you more stealthy.
 A - the +7 battleaxe of Shame {freeze, rElec rC- Int+5}
   (You acquired it on level 1 of the Spider Nest)

   It freezes those it strikes, dealing additional cold damage.
   It can also slow down cold-blooded creatures.
   Int:       It affects your intelligence (+5).
   rC:        It makes you vulnerable to cold.
   rElec:     It insulates you from electricity.
Missiles
 q - 4 throwing nets
 U - 5 curare-tipped darts (quivered)
Armour
 p - a +0 buckler (worn)
 s - a +0 hat of intelligence (worn)
 G - a +1 cloak (worn)
 N - the +8 plate armour "Saarao" (worn) {rCorr}
   (You bought it in a shop on level 3 of the Dungeon)

   rCorr:     It protects you from acid and corrosion.
 O - a +4 plate armour of fire resistance
 P - a +2 pair of gloves (worn)
 Q - a +1 pair of boots (worn)
 T - the +1 leather armour "Dusikkel" {rElec rF+ Int-2 Dex+4}
   (You found it on level 3 of the Lair of Beasts)

   Int:       It affects your intelligence (-2).
   Dex:       It affects your dexterity (+4).
   rF:        It protects you from fire.
   rElec:     It insulates you from electricity.
 W - the +2 scale mail of Grace {Int+6}
   (You found it on level 5 of the Lair of Beasts)

   Int:       It affects your intelligence (+6).
Jewellery
 d - a +4 ring of protection (left hand)
 e - the ring of the Twisting Pariah {Fire Dex+3}
   (You found it on level 4 of the Lair of Beasts)

   [ring of fire]

   It enhances your fire magic.
   Dex:       It affects your dexterity (+3).
   rF:        It protects you from fire.
   rC:        It makes you vulnerable to cold.
 h - a +6 ring of strength
 v - an amulet of regeneration (around neck)
 D - a +4 ring of protection
 X - a ring of willpower
 Y - a +6 ring of strength (right hand)
 Z - a ring of protection from cold
Wands
 a - a wand of iceblast (21)
 f - a wand of digging (5)
 r - a wand of flame (47)
 t - a wand of paralysis (21)
 u - a wand of mindburst (32)
 H - a wand of polymorph (10)
 K - a wand of charming (10)
 M - a wand of acid (22)
Scrolls
 b - 4 scrolls of magic mapping
 c - 2 scrolls of blinking
 k - 3 scrolls of enchant weapon
 l - 6 scrolls of teleportation
 m - a scroll of summoning
 y - a scroll of brand weapon
 B - 4 scrolls of immolation
 C - 2 scrolls of fear
 J - a scroll of fog
 R - a scroll of silence
 S - 2 scrolls of torment
Potions
 g - 10 potions of heal wounds
 i - 7 potions of haste
 j - 12 potions of curing
 n - a potion of attraction {unknown}
 o - a potion of mutation
 x - 6 potions of lignification
 z - 5 potions of flight
 E - 3 potions of resistance
 F - 5 potions of ambrosia
 I - 2 potions of cancellation {unknown}
Miscellaneous
 L - a condenser vane
 V - a phantom mirror


   Skills:
 + Level 17.2 Fighting
 + Level 22.1 Axes
 + Level 15.9 Armour
 - Level 1.5 Dodging
 * Level 14.9 Shields


You had 16 spell levels left.
You didn't know any spells.
Your spell library was empty.

Dungeon Overview and Level Annotations

Branches:
Dungeon (13/15)            Temple (0/1) D:5            Lair (6/6) D:10
 Shoals (1/4) Lair:2       Spider (4/4) Lair:3        Slime (0/5) Lair:5
    Orc (2/2) D:9             Elf (0/3) Orc:2        Vaults (0/5) D:13
Ossuary (visited)

Altars:
Ashenzari
Cheibriados
Elyvilon
Fedhas
Nemelex Xobeh
Qazlal
Uskayaw
Wu Jian
Yredelemnul
Beogh

Shops:
D:3 [   D:8 *   D:9 ([   Orc:2 :(*?

Portals:
Trove: D:11 (give +3 gold dragon scales)

Annotations:
D:6 2 exclusions
D:8 2 transporters, suspendersengaged's ghost, novice MiBe
Lair:5 2 exclusions


Message History

The moth of wrath bites you but does no damage.
The jumping spider pounces on you but does no damage.
You block the jumping spider's attack.
As you read the scroll of teleportation, it crumbles to dust.
You feel strangely unstable. The wolf spider hits you!!
* * * LOW HITPOINT WARNING * * *
You block the wolf spider's attack. The jumping spider barely misses you.
The jumping spider bites you but does no damage.
The jumping spider closely misses you.
The jumping spider bites you but does no damage.
The wolf spider barely misses you. The wolf spider completely misses you.
The jumping spider pounces on you but does no damage.
The jumping spider bites you but does no damage.
You block the jumping spider's attack.
The jumping spider bites you but does no damage.
The moth of wrath completely misses you.
You block the wolf spider's attack.
The wolf spider bites you but does no damage.
The jumping spider pounces on you but does no damage.
The jumping spider barely misses you.
The jumping spider pounces on you but does no damage.
The jumping spider bites you.
* * * LOW HITPOINT WARNING * * *
A torpor snail comes into view.
The wolf spider hits you!
* * * LOW HITPOINT WARNING * * *
The wolf spider bites you but does no damage.
The moth of wrath barely misses you.
The jumping spider pounces on you but does no damage.
The jumping spider bites you but does no damage.
You hear an angry hiss.
Your skin crawls.
You feel strong-willed.
You hear an angry hiss.
The jumping spider barely misses you.
The jumping spider completely misses you.
The wolf spider hits you!!
* * * LOW HITPOINT WARNING * * *
The wolf spider closely misses you. The jumping spider pounces on you!
You die...

*#####**** ######
*#.....,^..
###s@ss####.....,,.^.
****##...syss.....###,*##.
**,,*#...####.....^..###...
*,,*#..### ###w...........
*^*#..##^#####......^......
*,#..##^..##........#...#..
*,#.##.........#...###.###.
**,#*#..##.....###...#...#^.
#..#######......#^.........^


You could see a torpor snail, 2 wolf spiders, a moth of wrath, an orb spider
(charged) and 3 jumping spiders.

Vanquished Creatures
  Saint Roka (Orc:2)
  Gastronok (D:8)
  Kirke (D:12)
  5 emperor scorpions
  5 ghost moths
  5 entropy weavers
  5 spark wasps
  Snorg (Orc:1)
  Fannar (D:10)
  Harold (D:7)
  4 boulder beetles
  4 hydras
  A catoblepas (D:13)
  Erolcha (D:13)
  6 centaur warriors
  5 two-headed ogres
  Urug (Lair:3)
  6 death yaks (Lair:4)
  3 orc high priests (Orc:2)
  5 skeletal warriors (D:13)
  A sea snake (Shoals:1)
  An orange crystal statue (D:12)
  6 orc knights
  Pikel (D:5)
  3 deep elf pyromancers
  6 orc sorcerers
  An ugly thing (D:13)
  15 orb spiders
  33 wolf spiders
  2 manticores
  4 slime creatures
  3 oklob plants
  3 moths of wrath
  2 cyclopes (D:13)
  4 elephants (Lair:5)
  2 black mambas
  A torpor snail (Lair:5)
  6 cane toads
  3 gargoyles
  3 rime drakes
  3 unseen horrors
  Psyche (D:8)
  8 komodo dragons
  2 kobold demonologists
  2 tengu conjurers (D:13)
  17 demonic crawlers
  8 trolls
  A polar bear (Lair:1)
  A queen bee (shapeshifter) (D:13)
  A queen bee (D:9)
  31 jumping spiders
  7 hornets
  15 blink frogs (Lair:2)
  A snapping turtle (Shoals:1)
  13 dream sheep
  2 vampires (D:13)
  34 tarantellas
  64 redbacks
  Eustachio (D:5)
  12 wyverns
  9 basilisks
  2 wraiths
  2 hogs (D:12)
  29 yaks
  5 vampire mosquitoes
  Menkaure (D:4)
  8 wargs
  11 water moccasins
  3 acid dragons
  30 orc warriors
  2 black bears
  2 ice beasts
  Duvessa (D:4)
  A necrophage (D:4)
  7 ogres
  5 wolves (Lair:4)
  28 centaurs
  A phantom (D:7)
  2 kobold brigands (D:10)
  A lemure (D:5)
  13 bullfrogs
  2 gnoll sergeants (D:13)
  3 scorpions
  Dowan (D:4)
  A water moccasin zombie (D:7)
  44 killer bees
  A howler monkey (D:6)
  8 centaur zombies
  2 bullfrog zombies (D:5)
  14 orc priests
  Crazy Yiuf (D:7)
  A gnoll shaman (D:10)
  A human zombie (Ossuary)
  3 hounds
  6 jellies
  A bullfrog skeleton (D:6)
  An iguana (D:7)
  A centaur skeleton (D:6)
  19 orc wizards
  10 hell rats
  A hound zombie (D:5)
  A hound skeleton (D:5)
  5 mummies
  12 gnolls
  A howler monkey skeleton (D:4)
  9 adders
  A white imp (D:6)
  An ufetubus (D:6)
  An adder skeleton (D:4)
  A worm (D:4)
  A dart slug (D:1)
  69 orcs
  2 ball pythons (D:2)
  8 bats
  20 endoplasms
  4 giant cockroaches
  A gnoll zombie (Ossuary)
  10 goblins
  9 hobgoblins
  16 jackals
  16 kobolds
  4 quokkas
  6 frilled lizards
  A goblin zombie (Ossuary)
  2 kobold zombies (Ossuary)
  An orc zombie (Ossuary)
  3 rats
875 creatures vanquished.

Vanquished Creatures (collateral kills)
  Arachne (Spider:2)
  A spark wasp (Spider:4)
  A rakshasa (D:13)
  A tengu warrior (D:13)
  3 orb spiders (Spider:4)
  3 wolf spiders
  A cyclops (D:13)
  A troll (D:13)
  A redback (Spider:4)
  A tarantella (Spider:2)
  A basilisk (D:13)
  A wraith (D:13)
16 creatures vanquished.

Vanquished Creatures (others)
  2 orb spiders
  A jumping spider (Spider:2)
  26 fungi
  26 plants
  3 withered plants (D:1)
58 creatures vanquished.

Grand Total: 949 creatures vanquished

Notes
Turn   | Place    | Note
-------+----------+-------------------------------------------
     0 | D:1      | Urokeeper the Hill Orc Berserker began the quest for the
                  | Orb.
     0 | D:1      | Reached XP level 1. HP: 19/19 MP: 1/1
   350 | D:1      | Reached XP level 2. HP: 17/27 MP: 2/2
   597 | D:1      | Found a faded altar of an unknown god.
   629 | D:1      | Reached XP level 3. HP: 32/33 MP: 3/3
   708 | D:1      | You fall into a shaft and drop 1 floor!
   775 | D:2      | Reached skill level 5 in Axes
   833 | D:2      | Reached ** piety under Trog
  1148 | D:2      | Reached XP level 4. HP: 38/40 MP: 4/4
  2408 | D:3      | Found a snail-covered altar of Cheibriados.
  2575 | D:3      | Reached XP level 5. HP: 43/47 MP: 5/5
  2746 | D:3      | Found Vefann's Antique Armour Emporium.
  2871 | D:3      | Reached skill level 6 in Axes
  3170 | D:3      | Noticed a water moccasin
  3179 | D:3      | Killed a water moccasin
  3180 | D:3      | Reached skill level 5 in Fighting
  3180 | D:3      | Reached XP level 6. HP: 56/56 MP: 6/6
  3535 | D:4      | Reached *** piety under Trog
  3598 | D:4      | Noticed Dowan
  3598 | D:4      | Noticed Duvessa
  3616 | D:4      | Killed Duvessa
  3617 | D:4      | Reached skill level 7 in Axes
  3621 | D:4      | Killed Dowan
  3795 | D:4      | Noticed Menkaure
  3805 | D:4      | Reached XP level 7. HP: 61/61 MP: 7/7
  3816 | D:4      | Killed Menkaure
  3817 | D:4      | Reached skill level 8 in Axes
  4151 | D:4      | Reached skill level 5 in Armour
  4161 | D:4      | Reached skill level 9 in Axes
  4161 | D:4      | Reached XP level 8. HP: 56/71 MP: 8/8
  4298 | D:5      | Entered Level 5 of the Dungeon
  4617 | D:5      | Noticed Pikel
  4628 | D:5      | Killed Pikel
  4629 | D:5      | Reached skill level 10 in Axes
  4866 | D:5      | Noticed Eustachio
  4871 | D:5      | Identified the +10 war axe of Ekufecs {speed, rF+ rN+ rCorr
                  | Stlth+}
  4884 | D:5      | Killed Eustachio
  4904 | D:5      | Reached skill level 11 in Axes
  4904 | D:5      | Reached XP level 9. HP: 72/80 MP: 9/9
  4937 | D:5      | Found a staircase to the Ecumenical Temple.
  5313 | D:6      | Reached **** piety under Trog
  5572 | D:6      | Reached skill level 12 in Axes
  6146 | D:7      | Found a runed translucent door.
  6147 | D:7      | Noticed Crazy Yiuf
  6179 | D:7      | Found a sand-covered staircase.
  6200 | Ossuary  | Entered an ossuary
  6486 | D:7      | Noticed a troll
  6497 | D:7      | Killed a troll
  6590 | D:7      | Found a hide-covered altar of Uskayaw.
  6613 | D:7      | Reached XP level 10. HP: 91/91 MP: 10/10
  6674 | D:7      | Noticed Harold
  6704 | D:7      | Killed Harold
  6705 | D:7      | Reached skill level 13 in Axes
  7095 | D:7      | Killed Crazy Yiuf
  7461 | D:8      | Noticed suspendersengaged's ghost (novice MiBe)
  7461 | D:8      | Noticed a centaur warrior
  7461 | D:8      | Noticed a two-headed ogre
  7464 | D:8      | Found a transporter.
  7466 | D:8      | Found a transporter.
  7466 | D:8      | Noticed a deep elf pyromancer
  7508 | D:8      | Noticed Gastronok
  7514 | D:8      | Found Xostradow's Assorted Antiques.
  7545 | D:8      | Killed Gastronok
  7546 | D:8      | Reached skill level 10 in Fighting
  7546 | D:8      | Reached skill level 14 in Axes
  7546 | D:8      | Reached XP level 11. HP: 101/101 MP: 11/11
  7599 | D:8      | Noticed Psyche
  7615 | D:8      | Killed Psyche
  7675 | D:8      | Found a basalt altar of Yredelemnul.
  7678 | D:8      | Noticed a manticore
  7700 | D:8      | Killed a manticore
  7701 | D:8      | Reached skill level 15 in Axes
  7739 | D:8      | Found an ornate altar of the Wu Jian Council.
  7739 | D:8      | Found a sparkling altar of Nemelex Xobeh.
  7740 | D:8      | Found a broken altar of Ashenzari.
  7741 | D:8      | Found a blossoming altar of Fedhas.
  8477 | D:9      | Found a staircase to the Orcish Mines.
  8527 | D:9      | Found Wesodurph's Armour Boutique.
  9138 | D:9      | Found Demp's Weapon Shoppe.
  9140 | D:9      | Noticed a two-headed ogre
  9150 | D:9      | Killed a two-headed ogre
  9151 | D:9      | Reached skill level 10 in Armour
  9282 | D:10     | Entered Level 10 of the Dungeon
  9301 | D:10     | Noticed Fannar
  9333 | D:10     | Reached ***** piety under Trog
  9356 | D:10     | Reached skill level 16 in Axes
  9414 | D:10     | Noticed a two-headed ogre
  9443 | D:10     | Killed a two-headed ogre
  9557 | D:10     | Noticed a two-headed ogre
  9570 | D:10     | Found a white marble altar of Elyvilon.
  9577 | D:10     | Killed a two-headed ogre
  9668 | D:10     | Killed Fannar
  9669 | D:10     | Reached XP level 12. HP: 100/111 MP: 12/12
  9723 | D:10     | Found a stormy altar of Qazlal.
  9778 | D:10     | Found a staircase to the Lair.
 10159 | D:11     | Reached skill level 17 in Axes
 10341 | D:11     | Found a portal to a secret trove of treasure.
 10545 | D:11     | Noticed a centaur warrior
 10560 | D:11     | Killed a centaur warrior
 10686 | D:12     | Noticed a boulder beetle
 10699 | D:12     | Killed a boulder beetle
 11139 | D:12     | Noticed a two-headed ogre
 11154 | D:12     | Killed a two-headed ogre
 11156 | D:12     | Noticed a two-headed ogre
 11170 | D:12     | Killed a two-headed ogre
 11212 | D:12     | Noticed Kirke
 11216 | D:12     | Reached skill level 18 in Axes
 11225 | D:12     | Killed Kirke
 11699 | D:12     | Found a gateway to a bazaar.
 11717 | Bazaar   | Entered a bazaar
 11717 | Bazaar   | Found Hotzyu Boik's Assorted Antiques.
 11719 | Bazaar   | Found Fues's Assorted Antiques.
 11730 | Bazaar   | Found Vuamo's Jewellery Boutique.
 11769 | Bazaar   | Found Gurewk's Jewellery Shoppe.
 12124 | D:13     | Found a gate to the Vaults.
 12141 | D:13     | Reached XP level 13. HP: 94/119 MP: 13/13
 12207 | D:13     | Noticed a rakshasa
 12257 | D:13     | Reached skill level 19 in Axes
 12263 | D:13     | Killed a rakshasa
 12681 | D:13     | Reached skill level 1 in Shields
 12793 | D:13     | Found a roughly hewn altar of Beogh.
 12816 | D:13     | Reached ****** piety under Trog
 13019 | D:13     | Noticed Erolcha
 13040 | D:13     | Killed Erolcha
 13414 | D:13     | Reached XP level 14. HP: 125/132 MP: 14/14
 13908 | Orc:1    | Entered Level 1 of the Orcish Mines
 13986 | Orc:1    | Received a gift from Trog
 14060 | D:9      | Reached skill level 5 in Shields
 14251 | D:3      | Bought a crude plate armour for 756 gold pieces
 14251 | D:3      | Identified the +8 plate armour "Saarao" {rCorr} (You bought
                  | it in a shop on level 3 of the Dungeon)
 14623 | Orc:2    | Entered Level 2 of the Orcish Mines
 14759 | Orc:2    | Found a staircase to the Elven Halls.
 14835 | Orc:1    | Noticed Snorg
 14853 | Orc:1    | Killed Snorg
 15461 | Orc:2    | Noticed Saint Roka
 15631 | Orc:2    | Reached skill level 20 in Axes
 15635 | Orc:2    | Killed Saint Roka
 16258 | Orc:2    | Found Aqoorgh's Assorted Antiques.
 16274 | Orc:2    | Found Tassasan's Magic Scroll Emporium.
 16275 | Orc:2    | Found Adeih's Weapon Shop.
 16275 | Orc:2    | Found Hufytir's Book Shop.
 16315 | Orc:2    | Bought a pair of glowing gloves for 262 gold pieces
 16421 | Lair:1   | Entered Level 1 of the Lair of Beasts
 16450 | Lair:1   | Received a gift from Trog
 16523 | Lair:1   | You fall into a shaft and drop 1 floor!
 17696 | Lair:2   | Found a staircase to the Shoals.
 17772 | Lair:2   | Reached skill level 15 in Fighting
 17772 | Lair:2   | Reached XP level 15. HP: 141/141 MP: 15/15
 18444 | Lair:3   | Identified the +1 leather armour "Dusikkel" {rElec rF+
                  | Int-2 Dex+4}
 18600 | Lair:3   | Noticed Urug
 18614 | Lair:3   | Killed Urug
 18807 | Lair:3   | Found a hole to the Spider Nest.
 19263 | Lair:4   | Reached skill level 10 in Shields
 19277 | Lair:4   | Received a gift from Trog
 19629 | Lair:4   | Identified the ring of the Twisting Pariah {Fire Dex+3}
 20658 | Lair:5   | Identified the +2 scale mail of Grace {Int+6}
 20859 | Lair:5   | Found a staircase to the Slime Pits.
 21523 | Lair:6   | Entered Level 6 of the Lair of Beasts
 21659 | Shoals:1 | Entered Level 1 of the Shoals
 21781 | Spider:1 | Entered Level 1 of the Spider Nest
 21901 | Spider:1 | Reached skill level 21 in Axes
 22420 | Spider:1 | Received a gift from Trog
 22424 | Spider:1 | Reached XP level 16. HP: 151/151 MP: 16/16
 22908 | Spider:1 | Paralysed by a hornet for 2 turns
 22978 | Spider:1 | Identified a scroll of acquirement
 22981 | Spider:1 | Acquired the +7 battleaxe of Shame {freeze, rElec rC-
                  | Int+5}
 23257 | Spider:2 | Noticed Arachne
 23902 | Spider:2 | Reached skill level 15 in Armour
 24085 | Spider:2 | Killed Arachne
 24197 | Spider:2 | Received a gift from Trog
 24672 | Spider:2 | Paralysed by a hornet for 1 turns
 25064 | Spider:3 | Reached XP level 17. HP: 160/160 MP: 17/17
 25436 | Spider:4 | Entered Level 4 of the Spider Nest
 25920 | Spider:4 | Received a gift from Trog
 25965 | Spider:4 | Reached skill level 22 in Axes
 26586 | Spider:4 | HP: 2/161 [wolf spider (19)]
 26586 | Spider:4 | Demolished by a jumping spider

Illustrated notes

Levels and vault maps discovered:
D:1:      heliophobic_arrival_glass_houses, layout_basic,
          ebering_ecumenical_altar_petrified
D:2:      layout_basic
D:3:      layout_basic, slow_altar_1, serial_shops, nicolae_shop_statue_plus
D:4:      layout_rooms, eino_small_chamber_without_monster,
          columned_hall_lemuel, uniq_menkaure, uniq_duvessa
D:5:      layout_basic, minmay_temple_entry_sparse_star, uniq_pikel,
          uniq_eustachio
D:6:      wad_lake_hut, layout_basic
D:7:      layout_loops_ring, eat_drink_and_be_merry_uskayaw,
          lightli_ossuary_entry_decrepit_ruins, nrook_mini_vaults,
          uniq_crazy_yiuf_cottage, uniq_harold
D:8:      layout_layer_cave, minitemple, nzn_ghost_randoct, serial_shops, shop,
          uniq_gastronok, uniq_psyche
D:9:      layout_roguey [special_room_bee], orc_david_3, serial_shops,
          nicolae_shop_stone, chequers_garden
D:10:     layout_cave_pools, nicolae_qazlal_scattered_showers,
          mainiacjoe_overflow_tiny_flanked, lair_entry_dummy, uniq_fannar
D:11:     layout_roguey, nicolae_trove_entry_crossroad
D:12:     layout_basic, enter_bailey_5, serial_shops, statue_bzr, uniq_kirke
D:13:     minmay_four_partial_circles, layout_basic, special_room
          [special_room_orc], hellmonk_bongcloud_opening,
          minmay_misc_feat_plants, uniq_erolcha
Lair:1:   lemuel_slime, layout_gridlike, grunt_megastairs_4
Lair:2:   layout_layer_cave, minmay_shoals_entry_centaurs
Lair:3:   layout_loops_ring, spider_nest_entry_a, minmay_lair_oklob_chamber,
          infiniplex_staircase_pool, lemuel_fruit_tree, serial_bayou_shore_b,
          uniq_urug
Lair:4:   layout_roguey, grunt_megastairs_3
Lair:5:   nzn_winding_woodlands_three_and_one
          [nzn_winding_woodlands_5x15_concentric,
          nzn_winding_woodlands_5x15_eye,
          nzn_winding_woodlands_5x15_lazy_stream,
          nzn_winding_woodlands_center_diamonds], layout_cave_pods,
          minmay_slime_entry_pillars, special_room [special_room_mythical_zoo]
Lair:6:   grunt_lair_end_beastmaster, layout_cave_pods,
          eino_small_chamber_without_monster, nicolae_lair_grove_arrangements,
          grunt_megastairs_5, uniq_rupert
Shoals:1: layout_shoals
Spider:1: layout_chambers, nicolae_spider_paper_wasps
Spider:2: nicolae_spider_hilbert_zone_1 [nicolae_spider_hilbert_4_sides_1_open,
          nicolae_spider_hilbert_4_sides_1_open,
          nicolae_spider_hilbert_4_sides_1_open,
          nicolae_spider_hilbert_4_sides_1_open,
          nicolae_spider_hilbert_3_sides_1_open,
          nicolae_spider_hilbert_3_sides_1_open,
          nicolae_spider_hilbert_3_sides_1_open,
          nicolae_spider_hilbert_3_sides_1_open,
          nicolae_spider_hilbert_3_sides_1_open,
          nicolae_spider_hilbert_6_sides_1_open,
          nicolae_spider_hilbert_6_sides_1_open,
          nicolae_spider_hilbert_3_sides_1_open,
          nicolae_spider_hilbert_3_sides_1_open,
          nicolae_spider_hilbert_3_sides_1_open,
          nicolae_spider_hilbert_3_sides_1_open,
          nicolae_spider_hilbert_2_sides_1_open], uniq_arachne
Spider:3: layout_spider_delve
Spider:4: johnstein_spider_rune_arachne_lair
Orc:1:    layout_diamond_mine, portal_ice_cave_entry_pillars_2, uniq_snorg
Orc:2:    st_orc_elflike, layout_diamond_mine, uniq_saint_roka

Skill      XL: |  1  2  3  4  5  6  7  8  9 10 11 12 13 14 15 16 17 |
---------------+----------------------------------------------------+-----
Fighting       | 4 5 6 7 9 10 11 12 14 15 16 17 | 17.2
Axes           | 5 6 7 9 11 12 14 16 18 19 20 21 22 | 22.1
Armour         | 3 4 5 6 7 9 10 11 12 13 14 15 | 15.9
Shields        | 4 9 11 13 14 | 14.9
Dodging        | |  1.5

Action                   |  1- 3 |  4- 6 |  7- 9 | 10-12 | 13-15 | 16-18 || total
-------------------------+-------+-------+-------+-------+-------+-------++-------
Melee: Hand axe          |   123 |   194 |   101 |       |       |       ||   418
       War axe           |       |       |   120 |   404 |  1155 |   693 ||  2372
Throw: Dart              |       |       |       |     1 |       |       ||     1
Invok: Berserk           |       |     4 |     2 |    11 |    23 |    10 ||    50
       Trog's Hand       |       |       |       |     3 |     2 |     5 ||    10
       Brothers in Arms  |       |       |       |     1 |     2 |     3 ||     6
  Use: Scroll            |       |       |    10 |     6 |     8 |     8 ||    32
       Potion            |       |       |       |       |     3 |     5 ||     8
 Stab: Sleeping          |       |     1 |     3 |     1 |       |       ||     5
       Distracted        |       |       |       |     1 |       |       ||     1
Armor: Animal skin       |    39 |    75 |       |       |       |       ||   114
       Ring mail         |       |    30 |    85 |    65 |       |       ||   180
       Plate armour      |       |       |       |   158 |   634 |   640 ||  1432
Dodge: Dodged            |    75 |   150 |    92 |   131 |   274 |   230 ||   952
Block: Buckler           |       |       |       |       |   138 |   215 ||   353
